 Dungeon Crawl Stone Soup version 0.23.2 (webtiles) character file.

Game seed: 5399929483182024229

44610 OdinFK the Eclecticist (level 13, 0/70 HPs)
             Began as a Deep Elf Fire Elementalist on Mar 31, 2019.
             Was a High Priest of Vehumet.
             Killed from afar by Jorgrun (18 damage)
             ... with a blast of rock fragments
             ... on level 13 of the Dungeon.
             The game lasted 02:04:46 (18671 turns).

OdinFK the Eclecticist (DEFE)                      Turns: 18671, Time: 02:04:46

Health: 0/70       AC: 11    Str:  5    XL:     13   Next: 97%
Magic:  2/35       EV: 12    Int: 34    God:    Vehumet [*****.]
Gold:   1820       SH:  0    Dex: 15    Spells: 21/45 levels left

rFire    + + .     SeeInvis .   i - +7 Screaming Sword {slice, sonic wave}
rCold    + + +     Gourm    .   (no shield)
rNeg     . . .     Faith    .   N - +2 robe {rC+ rF+}
rPois    +         Spirit   .   l - +2 helmet
rElec    +         Reflect  .   s - scarf {rC+ rF+}
rCorr    .         Harm     .   K - +0 pair of gloves "Ontaoc" {*Drain rElec rC+ Int+6}
MR       ++...                  D - +2 pair of boots {run}
Stlth    ++........             (no amulet)
HPRegen  0.21/turn              Z - ring of Siwk {rElec rPois}
MPRegen  0.24/turn              H - ring "Kyotak" {rElec MR+ Int+2}

@: about to teleport, grasped by roots, constricted, quick
A: no striking features
a: Renounce Religion


You were on level 13 of the Dungeon.
You worshipped Vehumet.
Vehumet was extremely pleased with you.
You were not hungry.

You visited 3 branches of the dungeon, and saw 19 of its levels.
You also visited: Ossuary, Gauntlet and Ice Cave.

You collected 2020 gold pieces.
You spent 200 gold pieces at shops.

Inventory:

Hand Weapons
 i - the +7 Screaming Sword (weapon) {slice, sonic wave}
   (You found it on level 1 of the Lair of Beasts)

   It inflicts extra damage upon your enemies.
 q - the +5 scimitar "Qudoynap" {venom, +Blink rC++ Dex+3}
   (You took it off a vault guard on level 13 of the Dungeon)

   It poisons the flesh of those it strikes.
   It affects your dexterity (+3).
   It greatly protects you from cold.
   It lets you blink.
Armour
 l - a +2 helmet (worn)
 s - a scarf of resistance (worn)
 B - a +2 robe of magic resistance
 C - a scarf of repulsion
 D - a +2 pair of boots of running (worn)
 K - the +0 pair of gloves "Ontaoc" (worn) {*Drain rElec rC+ Int+6}
   (You found it in a Gauntlet)

   It affects your intelligence (+6).
   It protects you from cold.
   It insulates you from electricity.
   It causes draining when unequipped.
 N - a +2 robe of resistance (worn)
Jewellery
 k - an uncursed ring of positive energy
 n - an uncursed amulet of the acrobat
 y - an uncursed ring of protection from magic
 G - an uncursed ring of see invisible
 H - the ring "Kyotak" (right hand) {rElec MR+ Int+2}
   (You found it on level 3 of the Lair of Beasts)

   [ring of intelligence]

   It affects your intelligence (+2).
   It insulates you from electricity.
   It affects your resistance to hostile enchantments.
 Q - an uncursed ring of flight
 Y - an uncursed ring of resist corrosion
 Z - the ring of Siwk (left hand) {rElec rPois}
   (You found it in an ice cave)

   [ring of poison resistance]

   It insulates you from electricity.
   It protects you from poison.
Wands
 m - a wand of paralysis (30)
 u - a wand of random effects (19)
 x - a wand of polymorph (11)
 z - a wand of scattershot (2)
 J - a wand of enslavement (5)
 L - a wand of disintegration (15)
 S - a wand of digging (12)
 X - a wand of flame (12)
Scrolls
 a - 2 scrolls of immolation
 b - 7 scrolls of remove curse
 e - 9 scrolls of teleportation
 h - 2 scrolls of magic mapping
 t - 7 scrolls of amnesia
 v - a scroll of enchant armour
 w - 5 scrolls of fear
 F - 3 scrolls of fog
 M - a scroll of holy word
 V - a scroll of silence {unknown}
Potions
 d - 2 potions of invisibility
 f - 2 potions of curing
 g - 6 potions of might
 j - 4 potions of flight
 o - a potion of resistance {unknown}
 A - 4 potions of haste
 E - a potion of degeneration {unknown}
 O - 2 potions of mutation
 P - a potion of agility
 T - 2 potions of cancellation
Miscellaneous
 U - a sack of spiders
Comestibles
 c - 29 rations
 p - 4 chunks of flesh


   Skills:
 + Level 4.3 Fighting
   Level 2.5(3.7) Short Blades
 + Level 3.6(4.0) Long Blades
 + Level 5.7 Dodging
 - Level 2.4 Stealth
 + Level 16.8 Spellcasting
 + Level 13.0 Conjurations
 + Level 14.3 Fire Magic
 + Level 3.9 Earth Magic
 + Level 3.1 Evocations


You had 21 spell levels left.
You knew the following spells:

 Your Spells              Type           Power        Failure   Level  Hunger
a - Flame Tongue          Conj/Fire      #####        0%          1    None
b - Throw Flame           Conj/Fire      ######       0%          2    None
c - Sticky Flame          Conj/Fire      #######.     1%          4    None
d - Fireball              Conj/Fire      #######...   1%          5    None
e - Blink                 Tloc           N/A          1%          2    None
f - Bolt of Magma         Conj/Fire/Erth #######...   1%          5    None
g - Lee's Rapid Deconstr  Erth           ######....   1%          5    None

Your spell library contained the following spells:

 Spells                   Type           Power        Failure   Level  Hunger
 Yara's Violent Unravell  Hex/Tmut       ####......   11%         5    None
 Magic Dart               Conj           ####         0%          1    None
 Conjure Flame            Conj/Fire      #######.     0%          3    None
 Animate Skeleton         Necr           N/A          1%          1    None
 Apportation              Tloc           ####..       1%          1    None
 Beastly Appendage        Tmut           ####..       1%          1    None
 Confusing Touch          Hex            ####..       1%          1    None
 Corona                   Hex            ####...      1%          1    None
 Shock                    Conj/Air       ####         1%          1    None
 Sting                    Conj/Pois      ####         1%          1    None
 Summon Small Mammal      Summ           ####         1%          1    None
 Call Imp                 Summ           ####....     1%          2    None
 Ensorcelled Hibernation  Hex/Ice        ####..       1%          2    None
 Slow                     Hex            ####....     1%          2    None
 Sticks to Snakes         Tmut           ####....     1%          2    None
 Swiftness                Chrm/Air       ####....     1%          2    None
 Dazzling Spray           Conj/Hex       ######       1%          3    None
 Ignite Poison            Fire/Tmut/Pois ######..     1%          3    None
 Inner Flame              Hex/Fire       ######..     1%          3    None
 Mephitic Cloud           Conj/Pois/Air  ######..     1%          3    None
 Static Discharge         Conj/Air       ######..     1%          3    None
 Irradiate                Conj/Tmut      ######....   1%          5    None
 Lightning Bolt           Conj/Air       ######....   1%          5    None
 Airstrike                Air            ####......   3%          4    None
 Confuse                  Hex            ####....     4%          3    None
 Spider Form              Tmut/Pois      ####......   4%          3    None
 Tukima's Dance           Hex            ####....     4%          3    None
 Ice Form                 Ice/Tmut       ####....     13%         4    None
 Blade Hands              Tmut           ####......   36%         5    None
 Statue Form              Tmut/Erth      #####....    65%         6    None
 Hydra Form               Tmut           ####......   90%         6    None
 Dragon Form              Tmut           ####......   100%        7    ####...


Dungeon Overview and Level Annotations

Branches:
Dungeon (13/15)            Temple (1/1) D:6            Lair (5/6) D:9
  Swamp (0/4) Lair:2       Spider (0/4) Lair:2          Orc (0/2) D:12
  Slime: Lair:5-6    Vaults: D:13-14

Altars:
Ashenzari
Cheibriados
Dithmenos
Elyvilon
Fedhas
Gozag
Hepliaklqana
Kikubaaqudgha
Makhleb
Nemelex Xobeh
Okawaru
Qazlal
Ru
Sif Muna
Trog
Uskayaw
Vehumet
Wu Jian
Xom
Yredelemnul
Zin
The Shining One
Jiyva

Shops:
D:8 =   D:12 *   D:13 ?

Annotations:
D:7 3 runed translucent doors, brittlin's ghost, novice OpTm
D:13 Jorgrun
Lair:1 exclusion: oklob plant
Lair:2 3 runed translucent doors, Huteloc's ghost, journeyman TrMo; Jabberih's ghost, journeyman DrTm
Lair:5 3 runed translucent doors, Tutankhamun's ghost, journeyman FeBe


Message History

Press: ? - help, Shift-Dir - straight line, f/p - Jorgrun
Aim: Jorgrun, wielding the +4 hand axe of Zin's Regard {flame, Int+2 Dex+3} and wearing a +0 robe of fire resistance (moderately wounded)
The fireball explodes!
The fireball engulfs Jorgrun!
Jorgrun resists.
Jorgrun is moderately wounded.
You hear a shout!
The grasping roots constrict you!
Casting: Fireball (safe; 1% risk of failure)
Confirm with . or Enter, or press ? or * to list all spells.
Okay, then.
As you read the scroll of teleportation, it crumbles to dust.
You feel strangely unstable. The grasping roots constrict you.
You feel better. Jorgrun gestures at you while chanting.
The wall shatters!
The blast of rock fragments hits you!
* * * LOW HITPOINT WARNING * * *
x2 The grasping roots constrict you.
You feel better.
Jorgrun points at you and mumbles some strange words.
The wall shatters!
The blast of rock fragments hits you!!
You die...

#......##.#
####....#.#..#
.|......#....####.
.......[..........
......####.(.####
..... ##.g# ≈...
#..# ≈.. #..# ≈.
#.@# ≈ ##.# #.#
#.# #.# #.# #.##
#..# ##.##


You could see Jorgrun.

Vanquished Creatures
  Rupert (D:11)
  A minotaur (Gauntlet)
  Snorg (D:13)
  Josephine (D:13)
  2 hydras
  A vault guard (D:13)
  A death knight (D:12)
  2 ice dragons (IceCv)
  3 two-headed ogres
  A death scarab (Gauntlet)
  2 death yaks (D:9)
  An unseen horror (D:12)
  An oklob plant (Gauntlet)
  3 ugly things
  2 cyclopes (D:13)
  2 ice statues (IceCv)
  A smoke demon (Gauntlet)
  4 spiny frogs
  A gargoyle (D:11)
  6 komodo dragons
  A hellion (Gauntlet)
  4 rime drakes
  An efreet (D:13)
  3 trolls
  3 meliai (D:13)
  2 hornets (D:11)
  A hippogriff (D:11)
  8 blink frogs
  A slime creature (D:13)
  Sigmund (D:2)
  3 wyverns
  A vampire (D:11)
  27 yaks
  10 wraiths
  2 hungry ghosts
  8 vampire mosquitoes
  A spectral spiny frog (Gauntlet)
  2 insubstantial wisps (Lair:4)
  2 soldier ants (D:11)
  6 water moccasins
  3 acid dragons
  5 porcupines
  4 sky beasts
  7 orc warriors
  2 black bears
  18 ice beasts
  An eye of draining (D:8)
  2 phantoms
  8 ogres
  4 centaurs
  2 crocodiles
  2 elf zombies (Ossuary)
  A big kobold (D:12)
  Blork the orc (D:6)
  12 bullfrogs
  A wyvern zombie (D:12)
  3 scorpions
  23 killer bees
  2 troll zombies (D:12)
  5 howler monkeys
  12 wights
  10 electric eels
  3 centaur zombies
  6 crimson imps
  A quasit (D:7)
  5 hounds
  5 orc priests
  2 jellies (D:10)
  3 centaur skeletons
  A human zombie (Ossuary)
  14 orc wizards
  4 bullfrog skeletons
  3 iguanas
  16 worker ants
  Natasha (thrice) (D:2)
  A killer bee zombie (D:6)
  A big kobold zombie (Ossuary)
  6 ogre zombies (D:12)
  A hound zombie (Ossuary)
  3 mummies (Ossuary)
  2 howler monkey zombies
  Robin (D:4)
  18 gnolls
  9 adders
  A white imp (D:6)
  An ooze (D:5)
  6 adder zombies
  2 adder skeletons
  4 worms
  2 dart slugs
  6 leopard geckos
  42 orcs
  9 giant cockroaches
  A gnoll zombie (Ossuary)
  15 goblins
  14 hobgoblins
  14 jackals
  3 quokkas
  2 ball pythons
  11 bats
  3 frilled lizards
  3 goblin skeletons (D:12)
  8 goblin zombies
  A hobgoblin skeleton (D:12)
  5 hobgoblin zombies
  2 jackal skeletons
  2 jackal zombies (Ossuary)
  11 kobolds
  2 kobold zombies (Ossuary)
  3 orc skeletons (D:12)
  15 orc zombies
  3 quokka zombies (Ossuary)
  10 rats
  3 rat zombies (Ossuary)
564 creatures vanquished.

Vanquished Creatures (others)
  A fungus (Lair:5)
  A plant (Lair:5)
2 creatures vanquished.

Grand Total: 566 creatures vanquished

Notes
Turn   | Place    | Note
-------+----------+-------------------------------------------
     0 | D:1      | OdinFK the Deep Elf Fire Elementalist began the quest for
                  | the Orb.
     0 | D:1      | Reached XP level 1. HP: 10/10 MP: 6/6
   207 | D:1      | Reached XP level 2. HP: 6/15 MP: 2/8
   211 | D:1      | Learned a level 2 spell: Throw Flame
   822 | D:1      | Reached XP level 3. HP: 19/19 MP: 3/10
  1323 | D:2      | Noticed Natasha
  1565 | D:3      | Noticed Sigmund
  1777 | D:3      | Reached skill level 4 in Spellcasting
  1848 | D:3      | Reached XP level 4. HP: 15/24 MP: 9/12
  1854 | D:3      | Learned a level 4 spell: Sticky Flame
  1884 | D:3      | Found a blossoming altar of Fedhas.
  2010 | D:2      | Killed Natasha
  2197 | D:2      | Noticed Natasha
  2203 | D:2      | Killed Natasha
  2203 | D:2      | Reached XP level 5. HP: 27/28 MP: 4/13
  2219 | D:2      | Learned a level 5 spell: Fireball
  2272 | D:2      | Reached skill level 5 in Fire Magic
  2323 | D:2      | Noticed Natasha
  2327 | D:2      | Killed Natasha
  2516 | D:2      | Killed Sigmund
  2516 | D:2      | Reached skill level 5 in Spellcasting
  2516 | D:2      | Reached XP level 6. HP: 32/32 MP: 5/15
  2971 | D:4      | Found a sparkling altar of Nemelex Xobeh.
  3103 | D:4      | Reached skill level 6 in Spellcasting
  3103 | D:4      | Reached XP level 7. HP: 36/36 MP: 0/18
  3349 | D:4      | Noticed Robin
  3379 | D:4      | Killed Robin
  3926 | D:5      | Entered Level 5 of the Dungeon
  3980 | D:5      | Found a hazy altar of Hepliaklqana.
  4411 | D:5      | Reached skill level 7 in Spellcasting
  4411 | D:5      | Reached XP level 8. HP: 42/42 MP: 13/20
  4752 | D:6      | Found a staircase to the Ecumenical Temple.
  4761 | Temple   | Entered the Ecumenical Temple
  4871 | Temple   | Became a worshipper of Vehumet
  4974 | D:6      | Noticed Blork the orc
  4980 | D:6      | Killed Blork the orc
  5077 | D:6      | Found a bloodstained altar of Trog.
  5165 | D:6      | Reached skill level 5 in Conjurations
  5165 | D:6      | Reached skill level 1 in Evocations
  5402 | D:7      | Reached skill level 8 in Spellcasting
  5484 | D:6      | Reached XP level 9. HP: 41/46 MP: 1/23
  5527 | D:7      | Found a sand-covered staircase.
  5551 | D:7      | Reached * piety under Vehumet
  5551 | D:7      | Offered knowledge of Shock by Vehumet.
  5613 | Ossuary  | Entered an ossuary
  5987 | Ossuary  | Reached ** piety under Vehumet
  5987 | Ossuary  | Offered knowledge of Throw Frost by Vehumet.
  6143 | Ossuary  | Reached skill level 9 in Spellcasting
  6517 | D:7      | Noticed a two-headed ogre
  6808 | D:7      | Found a runed translucent gate.
  6808 | D:7      | Found a runed translucent gate.
  6808 | D:7      | Found a runed translucent gate.
  6809 | D:7      | Identified the +7 short sword "Huptigo" {drain, Fragile rC+
                  | rN+}
  6809 | D:7      | Noticed brittlin's ghost (novice OpTm)
  6809 | D:7      | Noticed a kobold demonologist
  6953 | D:7      | Learned a level 2 spell: Blink
  7153 | D:8      | Reached skill level 10 in Spellcasting
  7161 | D:8      | Reached skill level 10 in Fire Magic
  7243 | D:8      | Noticed a troll
  7272 | D:7      | Offered knowledge of Searing Ray by Vehumet.
  7447 | D:8      | Reached XP level 10. HP: 51/51 MP: 20/26
  7457 | D:8      | Reached *** piety under Vehumet
  7673 | D:8      | Found Xousiw's Jewellery Shop.
  7844 | D:9      | Offered knowledge of Static Discharge by Vehumet.
  7849 | D:9      | Reached skill level 11 in Spellcasting
  8095 | D:9      | Noticed a death yak
  8096 | D:9      | Noticed a death yak
  8127 | D:9      | Reached skill level 1 in Fighting
  8224 | D:9      | Noticed a two-headed ogre
  8509 | D:9      | Killed a two-headed ogre
  8552 | D:9      | Found a staircase to the Lair.
  8552 | D:9      | Noticed a death yak
  8553 | D:9      | Noticed a two-headed ogre
  8563 | D:9      | Killed a death yak
  8564 | D:9      | Noticed a death yak
  8565 | D:9      | Noticed a death yak
  8614 | D:9      | Killed a death yak
  8614 | D:9      | Reached skill level 1 in Short Blades
  8888 | D:9      | Upgraded the game from 0.23.1-44-gbd83930989 to 0.23.2
  9056 | D:10     | Entered Level 10 of the Dungeon
  9069 | D:10     | Reached skill level 12 in Spellcasting
  9070 | D:10     | Reached XP level 11. HP: 57/57 MP: 13/29
  9207 | D:10     | Reached **** piety under Vehumet
  9234 | D:10     | Offered knowledge of Bolt of Magma by Vehumet.
  9241 | D:10     | Learned a level 5 spell: Bolt of Magma
  9593 | D:10     | Reached skill level 10 in Conjurations
  9623 | D:10     | Reached ***** piety under Vehumet
  9839 | D:9      | Killed a two-headed ogre
  9839 | D:9      | Reached skill level 13 in Spellcasting
  9851 | Lair:1   | Entered Level 1 of the Lair of Beasts
  9933 | Lair:1   | Offered knowledge of Ozocubu's Refrigeration by Vehumet.
 10234 | Lair:1   | Found the +7 Singing Sword {slice, sonic wave}
 10308 | Lair:1   | Found a blossoming altar of Fedhas.
 10319 | Lair:1   | Noticed an oklob plant
 10659 | Lair:2   | Found a runed translucent gate.
 10763 | Lair:2   | Found a staircase to the Swamp.
 10816 | Lair:2   | Found a hole to the Spider Nest.
 10819 | Lair:2   | Found a gate leading to a gauntlet.
 10828 | Gauntlet | Entered a Gauntlet
 10828 | Gauntlet | Found a transporter.
 10828 | Gauntlet | Found a transporter.
 10829 | Gauntlet | Found a transporter.
 10831 | Gauntlet | Found a transporter.
 10833 | Gauntlet | Found a transporter.
 10833 | Gauntlet | Found a transporter.
 10833 | Gauntlet | Noticed a death scarab
 10833 | Gauntlet | Noticed a wizard
 10839 | Gauntlet | Found a runed translucent gate.
 10839 | Gauntlet | Found a transporter.
 10839 | Gauntlet | Noticed an oklob plant
 10841 | Gauntlet | Found a transporter.
 10842 | Gauntlet | Found a runed translucent gate.
 10842 | Gauntlet | Found a transporter.
 10843 | Gauntlet | Found a runed translucent gate.
 10844 | Gauntlet | Found a transporter.
 10849 | Gauntlet | Noticed a wretched star
 10853 | Gauntlet | Found a transporter.
 10856 | Gauntlet | Found a transporter.
 11022 | Gauntlet | Killed a death scarab
 11496 | Gauntlet | Killed an oklob plant
 11614 | Gauntlet | Got a pair of faintly glowing gloves
 11625 | Gauntlet | Identified the +0 pair of gloves "Ontaoc" {*Drain rElec rC+
                  | Int+6} (You found it in a Gauntlet)
 11648 | Gauntlet | Identified the +7 arbalest of Niahic {freeze, rElec MP+9
                  | Int+4 Dex-5}
 11648 | Gauntlet | Noticed a minotaur
 11666 | Gauntlet | Killed a minotaur
 11666 | Gauntlet | Reached XP level 12. HP: 36/64 MP: 6/31
 11952 | Lair:2   | Found a runed translucent gate.
 11953 | Lair:2   | Found a runed translucent gate.
 11954 | Lair:2   | Noticed Jabberih's ghost (journeyman DrTm)
 11954 | Lair:2   | Noticed Huteloc's ghost (journeyman TrMo)
 12149 | Lair:2   | Reached skill level 14 in Spellcasting
 12494 | Lair:2   | Identified a +2 pair of boots of running (You found it on
                  | level 2 of the Lair of Beasts)
 12678 | Lair:3   | Identified the Almanac of Blistering Poison
 13070 | Lair:3   | Got a flickering steel ring
 13094 | Lair:3   | Identified the ring "Kyotak" {rElec MR+ Int+2} (You found
                  | it on level 3 of the Lair of Beasts)
 13408 | Lair:4   | Reached skill level 1 in Earth Magic
 13803 | Lair:4   | Reached skill level 5 in Dodging
 13806 | Lair:4   | Reached skill level 1 in Long Blades
 14439 | Lair:5   | Found a frozen archway.
 14477 | IceCv    | Entered an ice cave
 14752 | IceCv    | Reached skill level 15 in Spellcasting
 14941 | IceCv    | Noticed an ice dragon
 14942 | IceCv    | Noticed an ice dragon
 14943 | IceCv    | Killed an ice dragon
 14944 | IceCv    | Killed an ice dragon
 15020 | IceCv    | Got a slimy silver ring
 15033 | IceCv    | Identified the ring of Siwk {rElec rPois} (You found it in
                  | an ice cave)
 15141 | Lair:5   | Found an opulent altar of Gozag.
 15370 | Lair:5   | Found a runed translucent gate.
 15371 | Lair:5   | Found a runed translucent gate.
 15371 | Lair:5   | Found a runed translucent gate.
 15371 | Lair:5   | Noticed a death ooze
 15371 | Lair:5   | Noticed a death ooze
 15372 | Lair:5   | Noticed Tutankhamun's ghost (journeyman FeBe)
 15711 | Lair:5   | Found a viscous altar of Jiyva.
 16042 | D:11     | Reached XP level 13. HP: 70/70 MP: 11/34
 16462 | D:11     | Offered knowledge of Lee's Rapid Deconstruction by Vehumet.
 16477 | D:11     | Learned a level 5 spell: Lee's Rapid Deconstruction
 16796 | D:12     | Reached skill level 16 in Spellcasting
 17045 | D:12     | Found a staircase to the Orcish Mines.
 17131 | D:12     | Found Gaopt's General Store.
 17140 | D:12     | Bought a scroll of identify for 28 gold pieces
 17140 | D:12     | Bought a potion of cancellation for 112 gold pieces
 17163 | D:12     | Offered knowledge of Yara's Violent Unravelling by Vehumet.
 17251 | D:12     | Noticed Rupert
 17585 | D:11     | Killed Rupert
 17905 | D:13     | Noticed Snorg
 18008 | D:13     | Killed Snorg
 18219 | D:13     | Noticed Josephine
 18430 | D:13     | Found Xycoarat's Magic Scroll Shop.
 18440 | D:13     | Bought a scroll of identify for 30 gold pieces
 18440 | D:13     | Bought a scroll of identify for 30 gold pieces
 18616 | D:13     | Killed Josephine
 18645 | D:13     | Identified the +5 scimitar "Qudoynap" {venom, +Blink rC++
                  | Dex+3}
 18656 | D:13     | Identified the +4 hand axe of Zin's Regard {flame, Int+2
                  | Dex+3}
 18656 | D:13     | Noticed Jorgrun
 18671 | D:13     | Killed from afar by Jorgrun

Skill      XL: |  1  2  3  4  5  6  7  8  9 10 11 12 13 |
---------------+----------------------------------------+-----
Dodging        | 3 4 5 |  5.7
Fire Magic     | 4 5 6 7 8 10 11 12 13 14 | 14.3
Spellcasting   | 4 5 6 7 8 10 12 13 15 16 | 16.8
Conjurations   | 2 3 4 5 7 9 11 13 | 13.0
Evocations     | 2 3 |  3.1
Fighting       | 2 4 |  4.3
Short Blades   | 1 2 |  2.5
Earth Magic    | 2 3 |  3.9
Long Blades    | 1 3 |  3.6
Stealth        | |  2.4

Action                   |  1- 3 |  4- 6 |  7- 9 | 10-12 | 13-15 || total
-------------------------+-------+-------+-------+-------+-------++-------
Melee: Unarmed           |     3 |    13 |    27 |       |       ||    43
       Dagger            |       |       |       |    15 |       ||    15
       Double sword      |       |       |       |    22 |    26 ||    48
 Cast: Flame Tongue      |    58 |    52 |   167 |   153 |    28 ||   458
       Throw Flame       |    35 |    10 |    55 |    40 |     4 ||   144
       Sticky Flame      |       |     6 |    39 |    57 |    22 ||   124
       Fireball          |       |     3 |    14 |   116 |    83 ||   216
       Bolt of Magma     |       |       |       |     9 |    44 ||    53
       Lee's Rapid Decon |       |       |       |       |     2 ||     2
Evoke: Wand              |       |     5 |    22 |     4 |     3 ||    34
  Use: Potion            |       |     2 |       |     2 |     5 ||     9
       Scroll            |       |       |     9 |    13 |     7 ||    29
 Stab: Paralysed         |       |       |     2 |     6 |       ||     8
       Sleeping          |       |       |       |     3 |       ||     3
  Eat: Chunk             |     4 |     6 |    15 |    26 |     7 ||    58
       Ration            |       |       |     1 |     2 |       ||     3
Armor: Robe              |     1 |     6 |    24 |    14 |    18 ||    63
       Skin              |       |    25 |       |       |       ||    25
Dodge: Dodged            |     5 |    16 |    98 |    81 |    45 ||   245
       Rpst.: Double sword |       |       |       |    17 |    17 ||    34
